 Dungeon Crawl Stone Soup version 0.20-a0-266-gdedccd6 (webtiles) character file.

19616 gamerape the Fighter (level 12, -3/112 HPs)
             Began as a Ghoul Monk on Dec 4, 2016.
             Was a Believer of Uskayaw.
             Slain by Rupert
             ... wielding a +0 antimagic battleaxe
              (26 damage)
             ... on level 4 of the Lair of Beasts on Dec 5, 2016.
             The game lasted 00:53:54 (11227 turns).

gamerape the Fighter (Ghoul Monk)                  Turns: 11227, Time: 00:53:55

Health: -3/112     AC: 17    Str: 20    XL:     12   Next: 70%
Magic:  0/16       EV: 17    Int:  5    God:    Uskayaw [**....]
Gold:   707        SH:  7    Dex: 11    Spells: 11/11 levels left

rFire  . . .     SeeInvis .       - Unarmed
rCold  + . .     Gourm    .     y - +3 chain mail
rNeg   + + +     Faith    .     f - +2 buckler
rPois  ∞         Spirit   .     q - +0 helmet
rElec  .         Reflect  .     u - +0 cloak
rCorr  .         Harm     .     (no gloves)
MR     .....                    x - +0 pair of boots
Stlth  ..........               (no amulet)
                                U - +6 ring of evasion
                                C - ring of stealth

@: rotting
A: rotting body, claws 1, carnivore 3, cold resistance 1, negative energy
resistance 3, slow regeneration 1, torment resistance, unbreathing
a: Stomp, Line Pass, Renounce Religion


You were on level 4 of the Lair of Beasts.
You worshipped Uskayaw.
Uskayaw was noncommittal.
You were not hungry.

You visited 3 branches of the dungeon, and saw 15 of its levels.

You collected 850 gold pieces.
You spent 143 gold pieces at shops.

Inventory:

Hand Weapons
 e - a +0 blowgun
Missiles
 J - 19 tomahawks (quivered)
Armour
 a - a +0 crystal plate armour
 f - a +2 buckler (worn)
 q - a +0 helmet (worn)
 u - a +0 cloak (worn)
 x - a +0 pair of boots (worn)
 y - a +3 chain mail (worn)
Jewellery
 C - a ring of stealth (left claw)
 E - an uncursed ring of flight
 U - a +6 ring of evasion (right claw)
Wands
 K - a wand of iceblast (8/15)
 L - a wand of acid (6/15)
 R - a wand of flame (35/48)
Scrolls
 d - 5 scrolls of remove curse
 i - 3 scrolls of fog
 l - 2 scrolls of enchant weapon
 m - a scroll of holy word {unknown}
 n - 2 scrolls of recharging
 o - 7 scrolls of identify
 t - 4 scrolls of teleportation
 F - 8 scrolls of enchant armour {unknown}
Potions
 c - 4 potions of flight
 g - 5 potions of lignification {unknown}
 j - a potion of magic {unknown}
 k - 2 potions of might {unknown}
 r - a potion of haste {unknown}
 v - a potion of cure mutation {unknown}
 D - 8 potions of curing
 H - 2 potions of agility {unknown}
 S - 2 potions of heal wounds
Books
 B - a book of Flames

   Spells                             Type                      Level
   a - Flame Tongue                   Conjuration/Fire             1
   b - Throw Flame                    Conjuration/Fire             2
   c - Conjure Flame                  Conjuration/Fire             3
   d - Inner Flame                    Hexes/Fire                   3
   e - Sticky Flame                   Conjuration/Fire             4
   f - Fireball                       Conjuration/Fire             5
 G - a book of the Earth

   Spells                             Type                      Level
   a - Leda's Liquefaction            Hexes/Earth                  4
   b - Bolt of Magma                  Conjuration/Fire/Earth       5
   c - Statue Form                    Transmutation/Earth          6
   d - Iron Shot                      Conjuration/Earth            6
   e - Shatter                        Earth                        9
 N - a book of Power

   Spells                             Type                      Level
   a - Fulminant Prism                Conjuration/Hexes            4
   b - Iskenderun's Mystic Blast      Conjuration                  4
   c - Venom Bolt                     Conjuration/Poison           5
   d - Bolt of Magma                  Conjuration/Fire/Earth       5
   e - Iron Shot                      Conjuration/Earth            6
   f - Orb of Destruction             Conjuration                  7
   g - Spellforged Servitor           Conjuration/Summoning        7
 Q - a book of Battle

   Spells                             Type                      Level
   a - Infusion                       Charms                       1
   b - Shroud of Golubria             Charms/Translocation         2
   c - Song of Slaying                Charms                       2
   d - Spectral Weapon                Hexes/Charms                 3
   e - Regeneration                   Charms/Necromancy            3
 T - a book of Misfortune

   Spells                             Type                      Level
   a - Confusing Touch                Hexes                        1
   b - Confuse                        Hexes                        3
   c - Gell's Gravitas                Hexes/Translocation          3
   d - Petrify                        Transmutation/Earth          4
   e - Metabolic Englaciation         Hexes/Ice                    5
   f - Yara's Violent Unravelling     Hexes/Transmutation          5
Comestibles
 b - 5 meat rations
 h - 36 chunks of flesh
 p - 3 beef jerkies
 P - 7 slices of pizza


   Skills:
 * Level 11.9 Fighting
 + Level 6.9 Armour
 + Level 7.5 Dodging
 - Level 2.1 Stealth
 + Level 6.2 Shields
 * Level 11.9 Unarmed Combat
 + Level 7.0 Invocations


You had 11 spell levels left.
You didn't know any spells.

Dungeon Overview and Level Annotations

Branches:
Dungeon (9/15)             Temple (1/1) D:5            Lair (5/6) D:8
 Shoals (0/4) Lair:3       Spider (0/4) Lair:2        Slime (0/5) Lair:5
    Orc: D:9-12

Altars:
Ashenzari
Cheibriados
Elyvilon
Fedhas
Hepliaklqana
Kikubaaqudgha
Makhleb
Nemelex Xobeh
Qazlal
Ru
Sif Muna
Uskayaw
Vehumet
Xom
Yredelemnul
Zin
The Shining One

Shops:
D:5 ![   D:8 *

Annotations:
Lair:4 Rupert


Innate Abilities, Weirdness & Mutations

Your body is rotting away.
You thrive on raw meat.
You are immune to poison.
You have sharp fingernails.
You are carnivorous and can eat meat at any time.
Your flesh is cold resistant. (rC+)
You are immune to negative energy. (rN+++)
You regenerate slowly when monsters are visible.
You are immune to unholy pain and torment.
You can survive without breathing.


Message History

Rupert hits you with an antimagic battleaxe!!
Eat one of 39 chunks of flesh? (ye/n/q)
You start eating one of the 39 chunks of flesh.
You block Rupert's attack.
This raw flesh tastes great!
Eat one of 38 chunks of flesh? (ye/n/q)
You start eating one of the 38 chunks of flesh.
Rupert hits you with an antimagic battleaxe!!
* * * LOW HITPOINT WARNING * * *
You feel your power leaking away. Rupert closely misses you.
This raw flesh tastes great!
Eat one of 37 chunks of flesh? (ye/n/q)
You start eating one of the 37 chunks of flesh.
Rupert completely misses you.
This raw flesh tastes great!
Eat one of 36 chunks of flesh? (ye/n/q)
You start eating one of the 36 chunks of flesh.
Rupert hits you with an antimagic battleaxe!!
You die...

## #### #.# # #P.##P.##
#### ##.### #.......##
.#.#####.##.# #.........
..[....#....###.........
...#...#..#.............
.....#...'>.###.@......#
...#..#..#...##..@....##
..........#####.##.+..#
..#.#.+###.# ### #.###
####÷÷.# ## ..# #...#.#
.# #.....## # #...###
##.##


You could see Rupert (berserk).

Vanquished Creatures
  A hydra (D:8)
  Fannar (Lair:1)
  2 merfolk sirens (Lair:3)
  An elephant (Lair:2)
  A torpor snail (Lair:4)
  6 spiny frogs
  4 komodo dragons
  A rime drake (Lair:2)
  A merfolk (Lair:3)
  A jumping spider (Lair:2)
  2 slime creatures (Lair:5)
  4 blink frogs (Lair:3)
  A polar bear (D:9)
  A hippogriff (Lair:2)
  2 dream sheep (D:8)
  Sigmund (D:4)
  5 wyverns
  26 yaks
  2 basilisks
  A steam dragon (D:8)
  4 porcupines
  6 water moccasins
  2 ice beasts
  An orc warrior (D:7)
  A black bear (Lair:1)
  2 phantoms
  2 sky beasts (D:6)
  7 necrophages
  3 ogres
  5 wolves (Lair:2)
  4 centaurs
  3 crocodiles
  4 big kobolds
  12 bullfrogs
  8 scorpions
  3 wights (D:8)
  2 howler monkeys
  4 bullfrog zombies
  5 crimson imps
  A centaur zombie (D:6)
  6 hounds
  4 orc priests
  5 jellies
  Jessica (D:3)
  A bullfrog skeleton (D:9)
  2 iguanas (D:5)
  9 orc wizards
  9 worker ants
  A hound skeleton (D:6)
  A howler monkey skeleton (D:9)
  5 adders
  16 gnolls
  3 white imps (D:9)
  A worker ant simulacrum (D:9)
  An ufetubus (D:9)
  An adder zombie (D:5)
  An adder skeleton (D:8)
  4 worms
  3 dart slugs
  2 leopard geckos
  29 orcs
  7 giant cockroaches
  8 goblins
  5 hobgoblins
  16 jackals
  11 kobolds
  A quokka (D:4)
  2 ball pythons
  5 bats
  2 frilled lizards
  A jackal zombie (D:7)
  A quokka skeleton (D:5)
  5 rats
312 creatures vanquished.

Vanquished Creatures (others)
  5 dream sheep (Lair:1)
  An orc (D:7)
  A fungus (Lair:3)
7 creatures vanquished.

Grand Total: 319 creatures vanquished

Notes
Turn   | Place    | Note
-------+----------+-------------------------------------------
     0 | D:1      | gamerape the Ghoul Monk began the quest for the Orb.
     0 | D:1      | Reached XP level 1. HP: 19/19 MP: 0/0
    61 | D:1      | Reached XP level 2. HP: 20/25 MP: 1/1
   276 | D:1      | Reached XP level 3. HP: 26/33 MP: 2/2
   611 | D:1      | You fall through a shaft!
  1119 | D:2      | Reached XP level 4. HP: 40/40 MP: 3/3
  1634 | D:2      | Reached skill level 1 in Shields
  1707 | D:2      | Reached skill level 1 in Armour
  1935 | D:3      | Reached XP level 5. HP: 47/47 MP: 4/4
  2288 | D:3      | Noticed Jessica
  2321 | D:3      | Killed Jessica
  2433 | D:3      | Reached XP level 6. HP: 54/55 MP: 5/5
  2467 | D:3      | Reached skill level 5 in Fighting
  2520 | D:3      | Found a deep blue altar of Sif Muna.
  2533 | D:3      | Found a sacrificial altar of Ru.
  2533 | D:3      | Found a glowing silver altar of Zin.
  2533 | D:3      | Found an ancient bone altar of Kikubaaqudgha.
  2534 | D:3      | Found a white marble altar of Elyvilon.
  2535 | D:3      | Found a basalt altar of Yredelemnul.
  2540 | D:3      | Reached skill level 5 in Unarmed Combat
  2729 | D:4      | Reached XP level 7. HP: 61/61 MP: 6/6
  3126 | D:4      | Noticed Sigmund
  3184 | D:4      | Killed Sigmund
  3398 | D:5      | Entered Level 5 of the Dungeon
  3398 | D:5      | Found a staircase to the Ecumenical Temple.
  3413 | D:5      | Reached XP level 8. HP: 66/69 MP: 7/7
  3420 | Temple   | Entered the Ecumenical Temple
  3457 | Temple   | Became a worshipper of Uskayaw the Reveler
  3457 | Temple   | Reached * piety under Uskayaw
  3500 | D:5      | Reached ** piety under Uskayaw
  3511 | D:5      | Reached *** piety under Uskayaw
  3516 | D:5      | Reached **** piety under Uskayaw
  3901 | D:5      | Reached skill level 1 in Invocations
  3904 | D:5      | Found Pesegih's Distillery.
  3930 | D:5      | Bought 2 potions of curing for 78 gold pieces
  3930 | D:5      | Bought a potion of heal wounds for 65 gold pieces
  3994 | D:5      | Found Ximaucse's Antique Armour Shop.
  4520 | D:6      | Found a glowing golden altar of the Shining One.
  4575 | D:6      | Reached XP level 9. HP: 73/79 MP: 9/9
  5073 | D:6      | Reached skill level 5 in Dodging
  5776 | D:8      | Found a shattered altar of Ashenzari.
  6036 | D:8      | Reached XP level 10. HP: 58/90 MP: 11/11
  6158 | D:8      | Found a staircase to the Lair.
  6312 | D:8      | Found Nyuqok's Assorted Antiques.
  6490 | D:8      | Reached skill level 5 in Armour
  6546 | D:8      | Noticed a three-headed hydra
  6555 | D:8      | Killed a three-headed hydra
  6831 | D:9      | Reached skill level 5 in Shields
  6936 | D:9      | Reached XP level 11. HP: 43/98 MP: 13/13
  7231 | D:9      | Reached skill level 10 in Fighting
  7231 | D:9      | Reached skill level 10 in Unarmed Combat
  7495 | D:9      | Found a sparkling altar of Nemelex Xobeh.
  7523 | D:9      | Reached skill level 5 in Invocations
  7640 | D:9      | Reached ***** piety under Uskayaw
  7939 | Lair:1   | Entered Level 1 of the Lair of Beasts
  8002 | Lair:1   | Noticed Fannar
  8029 | Lair:1   | Killed Fannar
  8526 | Lair:1   | Found a shimmering altar of Xom.
  9003 | Lair:2   | Upgraded the game from 0.20-a0-263-g81abdfb to 0.20-a0-266-gdedccd6
  9275 | Lair:2   | Reached XP level 12. HP: 78/110 MP: 10/15
  9349 | Lair:2   | Found a hole to the Spider Nest.
  9553 | Lair:2   | Found a sacrificial altar of Ru.
  9717 | Lair:2   | Found a hazy altar of Hepliaklqana.
 10456 | Lair:3   | Found a staircase to the Shoals.
 10852 | Lair:3   | You fall through a shaft for 2 floors!
 10852 | Lair:5   | Found a staircase to the Slime Pits.
 11203 | Lair:4   | Noticed Rupert
 11227 | Lair:4   | Slain by Rupert

Vault maps used:
D:1:      dpeg_arrival_simpleton_c
D:3:      minitemple, grunt_ministairs_15, serial_park_tiny_2, minivault_27,
          uniq_jessica
D:4:      first_bread, serial_bayou_ford_a, uniq_sigmund
D:5:      serial_shops, shop, shop, enter_ossuary_5
D:6:      tso_metal_star
D:8:      cheibrodos_ashenzari_chains, erik_lair_dragon, serial_shops,
          nicolae_shop_crystal, hangedman_ranch
D:9:      serial_ice, serial_ice_l, serial_ice_b, serial_ice_c, serial_ice_e,
          basic_altar
Temple:   eino_temple_water
Lair:1:   kb_xom_exploding_sheep, grunt_megastairs_4, uniq_fannar
Lair:2:   spider_nest_entry_a, basic_altar, st_stairs_10, lemuel_centaur_altar
Lair:3:   elwin_shoals_entry_rooms
Lair:4:   roderic_carrion_pond, uniq_rupert
Lair:5:   minmay_slime_entry_pillars

Skill      XL: |  1  2  3  4  5  6  7  8  9 10 11 12 |
---------------+-------------------------------------+-----
Unarmed Combat | 4 5 6 7 8 9 11 | 11.9
Fighting       | 4 5 6 7 8 9 11 | 11.9
Shields        | 1 2 3 4 5 6 |  6.2
Armour         | 1 2 3 4 5 6 |  6.9
Dodging        | 3 4 5 6 7 |  7.5
Invocations    | 1 3 4 6 7 |  7.0
Stealth        | |  2.1

Action                   |  1- 3 |  4- 6 |  7- 9 | 10-12 || total
-------------------------+-------+-------+-------+-------++-------
Melee: Unarmed           |   149 |   216 |   517 |   653 ||  1535
Invok: Stomp             |       |       |     4 |    28 ||    32
       Line Pass         |       |       |     1 |     2 ||     3
  Use: Scroll            |       |       |       |    16 ||    16
       Potion            |       |       |       |     4 ||     4
 Stab: Sleeping          |     3 |     1 |       |       ||     4
       Paralysed         |       |       |    10 |    28 ||    38
       Confused          |       |       |     1 |       ||     1
  Eat: Chunk             |    10 |     7 |    17 |    69 ||   103
       Beef jerky        |       |     1 |     1 |       ||     2
       Royal jelly       |       |       |       |     1 ||     1
Armor: Robe              |    14 |       |       |       ||    14
       Chain mail        |    36 |       |   213 |   224 ||   473
       Ring mail         |     2 |    62 |     2 |       ||    66
Dodge: Dodged            |    67 |    91 |   155 |   321 ||   634
Block: Buckler           |    22 |    62 |   113 |   199 ||   396
